 Dungeon Crawl Stone Soup version 0.25-a0-528-g6b7c99946c (webtiles) character file.

Game seed: 5252458594867733671, levelgen mode: deterministic

428 ICC the Magician (level 6, 0/32 HPs)
             Began as a Vine Stalker Fighter on Feb 19, 2020.
             Slain by an ogre
             ... wielding a +0 giant club
              (9 damage)
             ... on level 4 of the Dungeon.
             The game lasted 00:05:44 (1814 turns).

ICC the Magician (Vine Stalker Fighter)             Turns: 1814, Time: 00:05:45

Health: 0/32       AC: 13    Str: 20    XL:     6   Next: 98%
Magic:  0/16       EV: 10    Int:  8    God:
Gold:   288        SH:  0    Dex: 14    Spells: 18/18 levels left

rFire    . . .     SeeInvis .   a - +0 rapier
rCold    . . .     Gourm    .   (no shield)
rNeg     . . .     Faith    .   s - +0 chain mail
rPois    .         Spirit   +   t - +0 helmet
rElec    .         Reflect  .   x - +2 cloak
rCorr    .         Harm     .   (no gloves)
MR       .....                  (no boots)
Stlth    ..........             (no amulet)
HPRegen  0.50/turn              l - ring of flight
MPRegen  0.15/turn              w - +3 ring of evasion

@: no status effects
A: fangs 2, regeneration 1, magic shield, antimagic bite, no potion heal 3, rot
immunity
a: Evoke Flight


You were on level 4 of the Dungeon.
You were not hungry.

You visited 1 branch of the dungeon, and saw 4 of its levels.

You collected 288 gold pieces.

Inventory:

Hand Weapons
 a - a +0 rapier (weapon)
 u - a +0 dagger of venom
Missiles
 o - 12 boomerangs (quivered)
Armour
 s - a +0 chain mail (worn)
 t - a +0 helmet (worn)
 x - a +2 cloak (worn)
Jewellery
 l - a ring of flight (left hand)
 w - a +3 ring of evasion (right hand)
Wands
 d - a wand of digging (5)
Scrolls
 h - 2 scrolls of fog {unknown}
 j - 2 scrolls of amnesia {unknown}
 k - 2 scrolls of teleportation {unknown}
 m - 3 scrolls of identify {unknown}
 p - 2 scrolls of remove curse {unknown}
 q - a scroll of random uselessness {unknown}
Potions
 b - a potion of curing {unknown}
 c - 2 potions of degeneration {unknown}
 e - a potion of mutation {unknown}
 g - 4 potions of brilliance {unknown}
 i - a potion of magic {unknown}
 n - a potion of heal wounds {unknown}
 r - 2 potions of cancellation {unknown}
 v - a potion of flight {unknown}
Comestibles
 f - 7 rations


   Skills:
 - Level 3.0 Fighting
 - Level 2.0 Short Blades
 - Level 2.4 Armour
   Level 2.6 Shields
 + Level 6.6 Spellcasting


You had 18 spell levels left.
You didn't know any spells.
Your spell library was empty.

Dungeon Overview and Level Annotations

Branches:
Dungeon (4/15)
 Temple: D:4-7

Altars:
Fedhas
Gozag
Hepliaklqana
Qazlal
Uskayaw
Vehumet
Yredelemnul
Zin

Shops:
D:3 *


Innate Abilities, Weirdness & Mutations

You have extremely sharp teeth.
Your natural rate of healing is unusually fast.
When hurt, damage is shared between your health and your magic reserves.
Your bite disrupts and absorbs the magic of your enemies.
Potions cannot restore your health.
You are immune to rotting.


Message History

The ogre is moderately wounded.
The ogre hits you with a +0 giant club.
You hit the ogre but do no damage. You bite the ogre. You drain its power.
You feel invigorated.
The ogre is moderately wounded.
The ogre barely misses you.
You hit the ogre. Your bite misses the ogre.
The ogre is moderately wounded.
The ogre hits you with a +0 giant club!
* * * LOW HITPOINT WARNING * * *
You hit the ogre.
The ogre is heavily wounded.
You hit the ogre but do no damage.
The ogre is heavily wounded.
The ogre hits you with a +0 giant club.
* * * LOW HITPOINT WARNING * * *
You hit the ogre. Your bite misses the ogre.
The ogre is severely wounded.
The ogre hits you with a +0 giant club!
You die...

.. #. #. #.
#.## #..#
##.O# #..@#
+.............
####.[.#######
##..# ##.. #..
##$ #.


You could see an ogre.

Vanquished Creatures
  Grinder (D:3)
  A bullfrog zombie (D:3)
  Ijyb (D:3)
  Terence (D:2)
  A gnoll (D:1)
  8 adders
  An ooze (D:2)
  A worm (D:3)
  2 dart slugs (D:3)
  3 leopard geckos
  3 orcs
  3 ball pythons
  5 bats
  4 giant cockroaches (D:3)
  7 goblins
  5 hobgoblins
  A quokka (D:2)
  A frilled lizard (D:3)
  6 kobolds
  5 rats
60 creatures vanquished.

Notes
Turn   | Place    | Note
-------+----------+-------------------------------------------
     0 | D:1      | ICC the Vine Stalker Fighter began the quest for the Orb.
     0 | D:1      | Reached XP level 1. HP: 11/11 MP: 2/2
    80 | D:1      | Reached XP level 2. HP: 15/16 MP: 3/3
   174 | D:1      | Reached skill level 1 in Spellcasting
   197 | D:1      | Reached XP level 3. HP: 17/20 MP: 4/6
   248 | D:1      | Reached skill level 2 in Spellcasting
   535 | D:2      | Noticed Terence
   551 | D:2      | Killed Terence
   551 | D:2      | Reached skill level 3 in Spellcasting
   551 | D:2      | Gained mutation: Your natural rate of healing is unusually
                  | fast. [Vine Stalker growth]
   551 | D:2      | Reached XP level 4. HP: 17/24 MP: 7/10
   748 | D:2      | Reached skill level 4 in Spellcasting
   748 | D:2      | Reached XP level 5. HP: 23/28 MP: 7/12
  1243 | D:3      | Found an opulent altar of Gozag.
  1250 | D:3      | Found a stormy altar of Qazlal.
  1257 | D:3      | Found a basalt altar of Yredelemnul.
  1264 | D:3      | Found a blossoming altar of Fedhas.
  1271 | D:3      | Found a hide-covered altar of Uskayaw.
  1276 | D:3      | Found a hazy altar of Hepliaklqana.
  1287 | D:3      | Found a radiant altar of Vehumet.
  1398 | D:3      | Found Zin's Purification Station.
  1398 | D:3      | Noticed Ijyb
  1410 | D:3      | Noticed Grinder
  1414 | D:3      | Killed Ijyb
  1414 | D:3      | Reached skill level 5 in Spellcasting
  1417 | D:3      | Killed Grinder
  1417 | D:3      | Reached skill level 6 in Spellcasting
  1417 | D:3      | Reached XP level 6. HP: 31/32 MP: 13/16
  1437 | D:3      | Found a glowing silver altar of Zin.
  1499 | D:3      | Found a faded altar of an unknown god.
  1814 | D:4      | Slain by an ogre

Levels and vault maps discovered:
D:1:      lightli_molten_gateway, layout_rooms
D:2:      layout_loops_ring, patterned_corridor, uniq_terence
D:3:      layout_basic, grunt_temple_overflow_octagram, zin_purify,
          chequers_ecumenical_altar_lobes, uniq_grinder, uniq_ijyb
D:4:      layout_loops_corners, first_ration, minmay_crystal_room,
          grunt_decor_mini_mirrors, uniq_natasha

Skill      XL: |  1  2  3  4  5 |
---------------+----------------+-----
Short Blades   | 2 |  2.0
Fighting       | 3 |  3.0
Spellcasting   | 1 3 4 6 |  6.6
Armour         | |  2.4
Shields        | |  2.6

Action                   |  1- 3 |  4- 6 || total
-------------------------+-------+-------++-------
Melee: Rapier            |    84 |   112 ||   196
       Bite              |    24 |    31 ||    55
Throw: Boomerang         |     2 |     2 ||     4
  Use: Potion            |       |     1 ||     1
  Eat: Chunk             |       |     3 ||     3
Armor: Scale mail        |    24 |       ||    24
       Chain mail        |       |    59 ||    59
Dodge: Dodged            |    19 |    50 ||    69
Block: Kite shield       |    41 |       ||    41

Table legend:
 A = Non-vault XP
 B = Vault XP
 C = Vault XP percentage of total XP
 D = Non-vault monster count
 E = Vault monster count
 F = Vault count percentage of total count
                 A         B        C        D         E       F
            +---------+---------+-------+---------+---------+-------
      Total |     268 |     344 |  56.2 |      57 |       3 |   5.0
            +---------+---------+-------+---------+---------+-------
        D:1 |      45 |       0 |   0.0 |      18 |       0 |   0.0
        D:2 |      93 |      36 |  27.9 |      16 |       1 |   5.9
        D:3 |     130 |     308 |  70.3 |      23 |       2 |   8.0
            +---------+---------+-------+---------+---------+-------
